 Dungeon Crawl Stone Soup version 0.27-a0-767-g00efbec225 (webtiles) character file.

Game seed: 17776416729118140648

691501 ReteAZ the Sorcerer (level 27, -1/254 HPs)
             Began as a Djinni Fire Elementalist on Mar 24, 2021.
             Was the Champion of Makhleb.
             Killed by divine providence
             ... invoked by a balrug
              (13 damage)
             ... on level 7 of Gehenna on Mar 25, 2021.
             The game lasted 03:40:39 (87680 turns).

ReteAZ the Sorcerer (Djinni Fire Elementalist)     Turns: 87680, Time: 03:40:40

Health: -1/254     AC: 39    Str:  2 (5)  XL:     27
Gold:   1751       EV: 23    Int: 18 (22) God:    Makhleb [******] SH: 20 Dex: 24

rFire    + + .     SeeInvis +   S - +9 double sword (flame)
rCold    . . .     Faith    .   z - +5 kite shield {AC+3}
rNeg     + + +     Spirit   .   (armour currently unavailable)
rPois    ∞         Reflect  .   o - +2 helmet {Int+3}
rElec    +         Harm     .   s - scarf {rC+ rF+}
rCorr    .         Rampage  .   (gloves currently unavailable)
Will     +++++     Rnd*Tele +   (boots unavailable)
Stlth    ++........             C - amulet of regeneration
HPRegen  0.00/turn              p - ring "Wuech" {AC+4 Str-2 Int+2 Dex+4}
MPRegen  0.00/turn              A - ring of the Heavens {rF- rN+++ Will+++ Int-3 SInv}

@: statue-form, flying, studying Bows, very slow
A: slow and powerful, torment resistance 1, flying, boosted hp, fire resistance
2, cold vulnerability 1, float, innate caster, hp casting, extra vitality 1,
(molten scales 2), agile 1, blurry vision 2, deterioration 1, dopey 2, frail 1,
sense surroundings 1, inhibited regeneration, teleportitis 1, weak 1, no potion
heal 2, subdued magic 1
}: 4/15 runes: decaying, serpentine, slimy, silver
a: End Transformation, Renounce Religion, Minor Destruction, Lesser Servant of
Makhleb, Major Destruction, Greater Servant of Makhleb


You were on level 7 of Gehenna.
You worshipped Makhleb.
Makhleb was exalted by your worship.
You were a living statue of rough stone.
You visited 15 branches of the dungeon, and saw 65 of its levels.
You visited the Abyss 5 times.
You also visited: Bailey and Wizlab.

You collected 11373 gold pieces.
You spent 9622 gold pieces at shops.

Inventory:

Hand Weapons
 N - a +0 trident
 P - the +6 glaive of Rof Itut {freeze, *Contam rF+ rN+ Str+3}
   (You found it on level 2 of the Lair of Beasts)

   It has been specially enchanted to freeze those struck by it, causing extra
   injury to most foes and up to half again as much damage against particularly
   susceptible opponents.
   It can also slow down cold-blooded creatures.
   It affects your strength (+3).
   It protects you from fire.
   It protects you from negative energy.
   It causes magical contamination when unequipped.
 S - a +9 double sword of flaming (weapon)
 Z - the +10 long sword of the Skies Above {holy, Int+5}
   (You bought it in a shop on level 2 of the Orcish Mines)

   It has been blessed by the Shining One to cause great damage to the undead
   and demons.
   It affects your intelligence (+5).
Armour
 n - the +3 pair of gauntlets of War (melded) {Slay+5}
   (You bought it in a shop on level 2 of the Orcish Mines)

   It affects your accuracy and damage with ranged weapons and melee attacks
   (+5).
 o - a +2 helmet of intelligence (worn)
 s - a scarf of resistance (worn)
 t - a +0 cloak of willpower
 z - a +5 kite shield of protection (worn)
 D - quicksilver dragon scales (melded)
 W - the +9 scales of the Dragon King {rPois rF+ rC+ Will+}
   (You bought it in a shop on level 11 of the Dungeon)

   It protects you from fire.
   It protects you from cold.
   It protects you from poison.
   It affects your willpower, your defense against some magical effects.
Jewellery
 i - a ring of resist corrosion
 m - the ring "Naggicli" {rElec SInv Stlth+}
   (You found it on level 5 of the Vaults)

   [ring of see invisible]

   It insulates you from electricity.
   It lets you see invisible.
   It makes you more stealthy.
 p - the ring "Wuech" (right fist) {AC+4 Str-2 Int+2 Dex+4}
   (You took it off a deep elf elementalist on level 3 of the Elven Halls)

   [ring of protection]

   It affects your AC (+4).
   It affects your strength (-2).
   It affects your intelligence (+2).
   It affects your dexterity (+4).
 A - the ring of the Heavens (left fist) {rF- rN+++ Will+++ Int-3 SInv}
   (You bought it in a shop on level 4 of the Vaults)

   [ring of see invisible]

   It affects your intelligence (-3).
   It makes you vulnerable to fire.
   It renders you almost immune to negative energy.
   It affects your willpower, your defense against some magical effects.
   It lets you see invisible.
 C - an amulet of regeneration (around neck)
 F - the ring "Ziar" {Fire rElec Str+3 Stlth+}
   (You found it on level 9 of the Dungeon)

   [ring of fire]

   It enhances your fire magic.
   It affects your strength (+3).
   It protects you from fire.
   It makes you vulnerable to cold.
   It insulates you from electricity.
   It makes you more stealthy.
 M - the ring of Miyrpheu {+Inv rC+ Str+5}
   (You found it on level 5 of the Vaults)

   [ring of protection from cold]

   It affects your strength (+5).
   It protects you from cold.
   It lets you turn invisible.
Wands
 d - a wand of mindburst (42)
 y - a wand of polymorph (41)
 G - a wand of digging (1)
 H - a wand of flame (92)
 J - a wand of paralysis (36)
 K - a wand of iceblast (66)
 T - a wand of acid (34)
 U - a wand of charming (17)
Scrolls
 b - 11 scrolls of fear
 c - 2 scrolls of silence
 f - 11 scrolls of vulnerability
 h - 44 scrolls of identify
 j - 7 scrolls of teleportation
 k - 3 scrolls of blinking
 l - 4 scrolls of torment
 u - 4 scrolls of magic mapping
 v - 7 scrolls of fog
 B - 7 scrolls of enchant armour
 O - 13 scrolls of immolation
 Q - a scroll of holy word
 V - 3 scrolls of enchant weapon
Potions
 a - 8 potions of brilliance
 e - 19 potions of curing
 g - 2 potions of heal wounds
 q - 3 potions of ambrosia
 r - 10 potions of lignification
 w - 3 potions of resistance
 x - 9 potions of attraction
 E - 2 potions of invisibility
 I - 4 potions of cancellation
 L - 3 potions of might
 R - a potion of haste
Miscellaneous
 Y - a condenser vane


   Skills:
 + Level 24.0 Fighting
 - Level 14.3 Long Blades
 - Level 15.4 Armour
 - Level 13.1 Dodging
 - Level 1.5 Stealth
 - Level 19.3 Shields
 + Level 25.4 Spellcasting
 - Level 12.0 Invocations


You couldn't memorise any spells.
You knew the following spells:

 Your Spells              Type           Power      Damage    Failure   Level
a - Foxfire               Conj/Fire      100%       2x1d9     0%          1
b - Conjure Flame         Conj/Fire      73%        6-21      0%          3
c - Inner Flame           Hex/Fire       73%        N/A       0%          3
d - Sticky Flame          Conj/Fire      73%        2d9       0%          4
e - Fireball              Conj/Fire      36%        3d15      0%          5
f - Pain                  Necr           100%       1d9       0%          1
g - Passwall              Tmut/Erth      60%        N/A       0%          2
h - Vampiric Draining     Necr           36%        2d11      0%          3
i - Summon Guardian Gole  Hex/Summ       73%        N/A       0%          3
j - Animate Dead          Necr           36%        N/A       0%          4
k - Yara's Violent Unrav  Hex/Tmut       36%        3d15      0%          5
l - Statue Form           Tmut/Erth      48%        N/A       0%          6
m - Starburst             Conj/Fire      36%        8x6d11    0%          6
n - Monstrous Menagerie   Summ           36%        N/A       1%          7
o - Infestation           Necr           36%        N/A       1%          8
p - Summon Horrible Thin  Summ           36%        N/A       1%          8
q - Chain Lightning       Conj/Air       36%        N/A       1%          8
r - Fire Storm            Conj/Fire      36%        8d9       3%          9
Your spell library was empty.

Dungeon Overview and Level Annotations

Branches:
Dungeon (15/15)            Temple (1/1) D:5            Lair (6/6) D:8
  Swamp (4/4) Lair:4        Snake (4/4) Lair:3        Slime (5/5) Lair:6
    Orc (2/2) D:10            Elf (3/3) Orc:2        Vaults (5/5) D:14
  Crypt (3/3) Vaults:3       Tomb (3/3) Crypt:3      Depths (5/5) D:15
   Hell (visited)             Dis (0/7) Hell            Geh (6/7) Hell
    Coc (0/7) Hell            Tar (0/7) Hell            Zot (1/5) Depths:5
 Bailey (visited)          WizLab (visited)

Altars:
Cheibriados
Dithmenos
Fedhas
Gozag
Hepliaklqana
Kikubaaqudgha
Makhleb
Nemelex Xobeh
Okawaru
Qazlal
Uskayaw
Zin
The Shining One
Jiyva

Shops:
D:4 ?   D:10 *   D:11 [   Orc:2 ((!*[!*   Elf:3 *   Snake:4 *[   Vaults:1 [
Vaults:2 *   Vaults:4 ([(=:   Depths:1 ([([[   Depths:3 (=((

Portals:
Hell: Depths:1 Depths:2 Depths:3 Depths:4 Depths:5
Abyss: Depths:1 Depths:4
Pandemonium: Depths:1 Depths:3 Depths:5
Ziggurat: Depths:3

Annotations:
D:9 exclusion: door
D:15 3 runed translucent doors, Jano's ghost, journeyman DrTm
Swamp:3 2 transporters, exclusion: obsidian statue
Snake:1 1 runed translucent door, Majang's ghost, journeyman GrGl
Snake:4 3 runed translucent doors
Vaults:2 3 runed translucent doors, Qoejuywk's ghost, adept DsCK; Tetudagra's ghost, adept DgGl
Depths:2 3 runed translucent doors, Dwachs's ghost, adept GnIE


Innate Abilities, Weirdness & Mutations

You are a living statue of rough stone.
Your actions are slow, but your melee attacks are powerful.
You are resistant to unholy torment.
You are flying.
Your maximum health is greatly increased.
Your equipment is partially melded.
You are immune to poison.
Your flesh is very heat resistant. (rF++)
You are vulnerable to cold. (rC-)
You float through the air rather than walking.
You learn spells naturally, not from books.
Your magical power is your life essence.
You have superior vitality. (+4 HP)
((You are mostly covered in molten scales. (AC +3)))
You are agile. (Dex +2)
Scrolls take you longer to read.
Your body sometimes deteriorates upon taking damage.
You are very dopey. (Int -4)
You are frail. (-10% HP)
You passively map a small area around you.
You do not regenerate when monsters are visible.
You are occasionally teleported next to monsters.
You are weak. (Str -2)
Potions are poor at restoring your health.
Your spells are a little easier to cast, but a little less powerful.


Message History

The fire giant dies!
Makhleb accepts your kill.
A death scarab bursts from the fire giant!
The balrug gestures at you.
The fireball explodes!
The fireball engulfs you! You resist.
* * * LOW HITPOINT WARNING * * *
The fireball engulfs your death scarab!
The fireball engulfs the balrug.
The balrug completely resists.
The fireball engulfs the molten gargoyle.
The molten gargoyle completely resists.
The fireball engulfs the molten gargoyle.
The molten gargoyle completely resists.
The fireball engulfs the molten gargoyle.
The molten gargoyle completely resists.
The molten gargoyle blasts magma at you!
The bolt of magma misses you.
The bolt of magma hits your death scarab!!
Your death scarab is destroyed!
You hear a bark!
You feel your dexterity returning.
Your system partially rejects the healing.
You feel much better.
The molten gargoyle is no longer infested.
Your death scarab bites the ettin skeleton.
Your death scarab drains the ettin skeleton's vigour!
The ettin skeleton seems to slow down.
Your death scarab closely misses the molten gargoyle.
Your death scarab bites the molten gargoyle but does no damage.
The balrug gestures at you. The sticky flame misses you.
The sticky flame hits the molten gargoyle.
The molten gargoyle completely resists.
The molten gargoyle is covered in liquid flames!
You block the molten gargoyle's attack. The molten gargoyle barely misses you.
You riposte.
You slash the molten gargoyle!
The molten gargoyle is heavily damaged.
Your large abomination hits the balrug!!
The balrug gestures at you. Something smites you!
You die...

* #### * #...#* .
####.....
,...######........
..........9......,
.........8ZZ.....
,
........299..B...
,
.....§§.X)B......
,
....§≈§..........
..≈≈≈§≈≈§..≈.....
≈ ≈
≈≈≈§§§§≈≈≈≈≈.....
≈
≈≈≈≈§§≈≈§§≈≈.....
≈ ≈§≈≈§≈≈≈≈§≈.....
≈ ≈ ≈


You could see a balrug (infested, ally target), 3 molten gargoyles, a stone
giant zombie (infested), an ettin skeleton (infested, slow), a friendly large
abomination (summoned) and 2 friendly death scarabs.

Vanquished Creatures
  the Royal Jelly (Slime:5)
  2 dread liches
  Khufu (Crypt:3)
  Mennas (Vaults:3)
  2 juggernauts
  6 royal mummies
  Bai Suzhen (Snake:4)
  the Lernaean hydra (Swamp:4)
  A caustic shrike (Depths:4)
  Geryon (Hell)
  Nikola (Elf:3)
  A profane servitor (Crypt:3)
  A golden dragon (Vaults:5)
  Jory (Vaults:5)
  4 bone dragons
  6 Brimstone Fiends
  A hellephant (Abyss:1)
  Jorgrun (Snake:1)
  4 tentacled monstrosities
  10 liches
  2 titans
  A deep elf blademaster (Elf:2)
  9 acid blobs
  A deep elf master archer (Elf:3)
  13 sphinxes
  3 quicksilver dragons
  9 tentacled starspawn
  7 ancient champions
  Murray (Hell)
  5 shadow dragons
  6 storm dragons
  2 nameless horrors
  7 tengu reavers
  14 azure jellies
  Donald (Vaults:4)
  2 revenants
  A draconian monk (Depths:5)
  8 nagarajas (Snake:4)
  An azure jelly (shapeshifter) (Depths:4)
  15 vault wardens
  14 fire giants
  7 deep elf sorcerers
  5 frost giants
  Aizul (Elf:3)
  2 cacodemons
  2 rockslimes (Slime:5)
  2 iron dragons
  A draconian stormcaller (Abyss:2)
  An orc warlord (Vaults:2)
  A caustic shrike zombie (Hell)
  2 curse skulls (Crypt:1)
  10 balrugs
  6 deep elf elementalists (Elf:3)
  A quicksilver ooze (shapeshifter) (Depths:1)
  4 ghouls
  A draconian shifter (Abyss:1)
  5 reapers
  26 very ugly things
  3 spriggan defenders
  7 war gargoyles
  8 quicksilver oozes
  17 ironbound preservers
  24 stone giants
  7 vampire knights
  A green draconian (Depths:5)
  3 bunyips
  12 bennus (Tomb:2)
  9 deep elf demonologists
  2 dire elephants
  An entropy weaver (Vaults:5)
  A lorocyproca (Abyss:1)
  12 spark wasps
  A red draconian (Depths:5)
  2 black draconians
  7 deep elf annihilators
  A blizzard demon (Abyss:1)
  A yellow draconian (Depths:5)
  12 purple draconians (WizLab)
  2 statues (WizLab)
  A merfolk javelineer (Depths:1)
  9 deep elf death magi
  3 eidola
  4 eleionomae
  2 green deaths
  20 mummy priests
  2 crystal guardians (Vaults:4)
  13 fire dragons
  A shambling mangrove (Swamp:4)
  2 salamander tyrants
  13 ettins
  20 jiangshi
  16 yaktaur captains
  5 deep elf high priests
  A merfolk impaler (Depths:2)
  27 vault guards
  A kraken zombie (Hell)
  A quicksilver dragon skeleton (Crypt:1)
  14 rakshasas
  6 ironbound thunderhulks
  8 great orbs of eyes
  A peacekeeper (Vaults:4)
  Erolcha (D:11)
  9 ice dragons
  3 ogre magi (Vaults:5)
  3 boulder beetles
  23 hydras
  A catoblepas (Lair:2)
  8 ironbound frosthearts
  11 naga warriors
  6 anacondas
  6 spriggan air magi
  A ghost crab (Swamp:3)
  A centaur warrior (Vaults:2)
  3 alligators
  7 tengu warriors
  10 death knights
  11 death yaks
  19 death scarabs
  6 deep troll shamans
  18 hell hogs
  5 two-headed ogres
  8 vampire magi
  9 naga sharpshooters
  28 dancing weapons
  7 deep troll earth magi
  8 spriggan berserkers
  7 thrashing horrors
  3 ironbound beastmasters
  9 hell knights
  5 orc high priests (Orc:2)
  10 sun demons
  2 titan skeletons
  8 wretched stars
  18 deep elf knights
  4 shock serpents
  A storm dragon zombie (Geh:6)
  4 soul eaters
  7 iron trolls
  A salamander mystic (Snake:4)
  4 goliath frogs
  3 shadow wraiths
  A spatial maelstrom (Abyss:2)
  An iron giant zombie (Crypt:2)
  6 unseen horrors
  24 skeletal warriors
  8 glowing orange brains
  3 storm dragon skeletons
  A shadow dragon zombie (Hell)
  3 sixfirhies
  A bog body (Swamp:3)
  47 deep trolls
  3 spriggan druids
  A shadow demon (Vaults:5)
  An anaconda zombie (Geh:5)
  A torturous demonspawn (Depths:1)
  9 flayed ghosts
  6 naga ritualists
  14 swamp dragons
  2 harpies (Vaults:3)
  A lindwurm (shapeshifter) (Vaults:5)
  3 tengu zombies (Hell)
  A golden dragon skeleton (Geh:6)
  3 anaconda skeletons
  13 phantasmal warriors
  8 ironbound convokers
  8 deep elf archers
  30 deep elf zephyrmancers
  6 necromancers
  4 lindwurms
  15 wizards
  A wolf spider zombie (Geh:5)
  21 orc knights
  32 deep elf pyromancers
  An iron dragon zombie (Geh:6)
  A sphinx zombie (Hell)
  52 ugly things
  A faun (shapeshifter) (Depths:2)
  6 orc sorcerers
  A wolf spider (D:14)
  3 fire giant zombies
  2 worldbinders (Abyss:1)
  A shining eye (shapeshifter) (Depths:3)
  2 shining eyes (Slime:5)
  2 shadow dragon skeletons
  2 stone giant zombies
  3 frost giant zombies (D:15)
  9 salamanders
  37 large abominations
  5 mana vipers
  5 will-o-the-wisps
  A cyclops (D:15)
  A stone giant skeleton (Tomb:1)
  A manticore (D:14)
  An ice statue (Hell)
  13 vault sentinels
  2 frost giant skeletons
  Joseph (D:8)
  4 fire giant skeletons
  An eye of devastation (Abyss:2)
  4 molten gargoyles
  3 rust devils
  31 black mambas
  9 orange demons
  An eleionoma skeleton (Crypt:1)
  5 torpor snails (Lair:6)
  11 naga magi
  A guardian serpent (Snake:1)
  An apocalypse crab (Abyss:1)
  Maggie (D:10)
  15 cane toads
  23 smoke demons
  A pale draconian zombie (Crypt:1)
  4 hellions
  3 dire elephant skeletons
  A storm dragon simulacrum (Crypt:3)
  34 yaktaurs
  2 spriggan zombies (Hell)
  4 rime drakes
  2 ice devils
  10 freezing wraiths
  10 ancient zymes
  15 tengu conjurers
  10 komodo dragons
  3 hydra zombies
  2 tormentors
  3 hellwings
  4 efreet
  A troll (shapeshifter) (D:13)
  A merfolk (shapeshifter) (Vaults:5)
  12 trolls
  A queen bee (shapeshifter) (D:14)
  20 red devils
  3 harpy zombies
  24 guardian mummies
  A death drake skeleton (Crypt:2)
  2 fire dragon zombies
  2 harpy skeletons
  3 hydra skeletons
  A guardian serpent zombie (Crypt:1)
  11 tyrant leeches
  24 hornets
  A deep troll zombie (Hell)
  3 raiju (Abyss:2)
  15 dream sheep
  24 blink frogs
  An ice dragon zombie (Hell)
  42 slime creatures
  Sigmund (D:6)
  An ettin zombie (D:15)
  69 flying skulls
  18 spriggans
  2 air elementals (Elf:2)
  2 redbacks (Vaults:3)
  4 ushabtiu
  6 water elementals
  5 ynoxinuls
  5 ettin skeletons
  A yak (shapeshifter) (Elf:3)
  2 fire dragon skeletons
  3 ice dragon skeletons
  10 yaks
  20 wraiths
  12 shadows
  22 fire elementals
  A tarantella (shapeshifter) (D:14)
  A black mamba skeleton (Geh:6)
  28 small abominations
  7 wyverns
  6 vampire mosquitoes
  2 fire bats (Abyss:1)
  6 golden eyes
  8 basilisks
  A steam dragon (D:11)
  6 chaos spawn
  5 neqoxecs
  A gelid demonspawn zombie (Crypt:2)
  50 nagas
  A warg (shapeshifter) (Abyss:2)
  14 swamp worms
  3 spatial vortices (Abyss:2)
  2 human zombies
  A hydra simulacrum (Hell)
  4 wargs
  20 hell hounds
  14 water moccasins
  An acid dragon (D:15)
  2 cane toad zombies (Hell)
  A merfolk skeleton (Geh:2)
  A faun zombie (Crypt:1)
  A floating eye (Slime:5)
  A swamp drake (shapeshifter) (Depths:3)
  A black bear (D:6)
  10 swamp drakes
  3 ice beasts
  A swamp dragon zombie (Geh:6)
  37 orc warriors
  A hornet zombie (Crypt:2)
  8 necrophages
  11 ogres
  2 sky beasts
  3 cane toad skeletons
  A manticore zombie (Geh:7)
  2 snapping turtle zombies
  13 starcursed masses
  6 wolves
  A snapping turtle skeleton (Geh:1)
  24 centaurs
  A swamp dragon skeleton (Geh:7)
  A manticore skeleton (Crypt:1)
  6 phantoms
  4 kobold brigands
  A gnoll sergeant (D:10)
  19 bullfrogs
  A wyvern zombie (D:10)
  2 earth elementals
  2 scorpions
  A snapping turtle simulacrum (Crypt:3)
  30 wights
  3 electric eels (D:8)
  4 howler monkeys
  A troll skeleton (Tomb:1)
  A crimson imp (Geh:2)
  A bullfrog zombie (D:6)
  4 centaur zombies
  6 quasits
  5 hounds
  2 jellies
  2 bullfrog skeletons
  17 orc priests
  11 iron imps
  6 centaur skeletons
  15 iguanas
  33 orc wizards
  A hell rat (Lair:2)
  15 removed worker ants
  2 tengu skeletons
  An acid dragon zombie (Crypt:2)
  4 hound skeletons
  2 hound zombies (D:4)
  An ogre skeleton (Crypt:2)
  26 mummies
  A removed worker ant zombie (D:4)
  5 gnolls (D:10)
  22 adders
  4 shadow imps
  9 white imps
  9 ufetubi
  An adder zombie (D:4)
  An adder skeleton (D:4)
  A lava snake skeleton (Crypt:2)
  3 worms
  106 orcs
  7 bats
  12 endoplasms
  8 giant cockroaches
  4 goblins
  8 hobgoblins
  A jackal (D:6)
  25 kobolds
  10 quokkas
  8 ball pythons
  A dart slug zombie (Crypt:1)
  7 frilled lizards
  3 giant cockroach zombies
  A jackal skeleton (D:8)
  A quokka skeleton (D:4)
  4 quokka zombies (D:4)
  5 rats
  A foxfire (Tomb:1)
  9 starspawn tentacles
  A tentacle (Hell)
2692 creatures vanquished.

Vanquished Creatures (collateral kills)
  A dread lich (Vaults:4)
  Mara (Depths:1)
  A royal mummy (Tomb:2)
  Saint Roka (Vaults:2)
  A Brimstone Fiend (Geh:2)
  A lich (Tomb:1)
  An eldritch tentacle (Depths:5)
  7 acid blobs (Slime:5)
  A sphinx (Vaults:2)
  A tengu reaver (Vaults:3)
  Roxanne (Elf:3)
  A rockslime (Slime:5)
  An iron dragon (Vaults:3)
  An azure jelly (Slime:5)
  3 vault wardens
  3 fire giants
  A balrug (Hell)
  An orc warlord (Vaults:2)
  5 ironbound preservers
  A reaper (Geh:2)
  A war gargoyle (Vaults:4)
  2 quicksilver oozes (Slime:5)
  A stone giant (Vaults:2)
  A very ugly thing (Depths:5)
  An entropy weaver (Vaults:3)
  A dire elephant (Vaults:2)
  A deep elf high priest (Vaults:2)
  A great orb of eyes (Slime:5)
  A crystal guardian (Vaults:4)
  A jiangshi (Crypt:3)
  3 ettins
  3 yaktaur captains
  4 vault guards (Vaults:2)
  A peacekeeper (Vaults:4)
  An ironbound thunderhulk (Vaults:4)
  A boulder beetle (Vaults:2)
  2 hell hogs (Geh:2)
  An ironbound beastmaster (Vaults:4)
  A thrashing horror (Abyss:2)
  A spriggan berserker (Depths:3)
  3 skeletal warriors
  A storm dragon skeleton (Geh:2)
  An anaconda zombie (Geh:1)
  10 deep trolls
  2 iron trolls (Depths:1)
  A flayed ghost (Geh:1)
  2 lindwurms
  2 wizards (Vaults:2)
  6 ironbound convokers
  A phantasmal warrior (Vaults:2)
  2 orc knights (Vaults:2)
  A harpy (Vaults:3)
  A deep elf pyromancer (Elf:3)
  7 ugly things
  2 shining eyes
  A shock serpent zombie (Geh:2)
  A stone giant zombie (Hell)
  A molten gargoyle (Geh:7)
  A smoke demon (Abyss:2)
  2 vault sentinels (Vaults:3)
  An emperor scorpion zombie (Geh:1)
  13 yaktaurs
  A hydra zombie (Geh:1)
  A guardian mummy (Tomb:2)
  3 red devils (Geh:7)
  2 hornets (Depths:3)
  14 slime creatures
  A raiju (Abyss:2)
  A frost giant simulacrum (Hell)
  A hydra skeleton (Hell)
  17 flying skulls
  A fire dragon zombie (Hell)
  A redback (Vaults:3)
  A spriggan (Depths:3)
  A water elemental (Hell)
  An alligator skeleton (Geh:2)
  An ushabti (Tomb:3)
  A shadow (Geh:1)
  A black mamba skeleton (Geh:2)
  2 fire elementals (Geh:1)
  A floating eye (Slime:5)
  An ogre (Vaults:2)
  A centaur (D:10)
  3 wights
  An orc wizard (Vaults:2)
  5 mummies (Tomb:2)
  3 orcs (Vaults:2)
  A kobold (D:10)
  19 foxfires
211 creatures vanquished.

Vanquished Creatures (others)
  A fire giant (Depths:4)
  3 hell hogs
  A deep elf knight (Elf:3)
  A deep elf pyromancer (Elf:2)
  2 deep elf zephyrmancers
  A large abomination (Abyss:1)
  A hellion (Geh:6)
  A raiju (Abyss:2)
  A shadow (Geh:2)
  A naga (Snake:1)
  An earth elemental (Elf:2)
  2 wights (Geh:2)
  A small abomination (Abyss:2)
  A white imp (Abyss:1)
  An ufetubus (Abyss:2)
  168 fire vortices
  2731 foxfires
  40 fungi
  3 lurking horrors
  66 plants
  17 starspawn tentacles
  3 tentacles (Hell)
  12 toadstools (D:3)
  16 withered plants
3075 creatures vanquished.

Grand Total: 5978 creatures vanquished

Notes
Turn   | Place    | Note
-------+----------+-------------------------------------------
     0 | D:1      | ReteAZ the Djinni Fire Elementalist began the quest for the
                  | Orb.
     0 | D:1      | Reached XP level 1. HP: 15/15 MP: 0/0
   459 | D:1      | Reached skill level 1 in Fighting
   459 | D:1      | Reached XP level 2. HP: 20/22 MP: 0/0
   583 | D:1      | Reached skill level 3 in Spellcasting
  1377 | D:2      | Reached XP level 3. HP: 26/28 MP: 0/0
  1377 | D:2      | Learned a level 1 spell: Pain
  1594 | D:2      | Found a faded altar of an unknown god.
  2603 | D:3      | Reached XP level 4. HP: 30/34 MP: 0/0
  3491 | D:3      | Reached XP level 5. HP: 19/40 MP: 0/0
  3491 | D:3      | Learned a level 2 spell: Passwall
  3890 | D:3      | Reached skill level 4 in Spellcasting
  3989 | D:3      | Found an iron altar of Okawaru.
  4411 | D:4      | Reached XP level 6. HP: 28/47 MP: 0/0
  5073 | D:4      | Reached XP level 7. HP: 46/53 MP: 0/0
  5073 | D:4      | Learned a level 3 spell: Vampiric Draining
  5161 | D:4      | Reached skill level 5 in Spellcasting
  5286 | D:4      | Reached skill level 5 in Fighting
  5497 | D:4      | Found Alorr's Magic Scroll Emporium.
  5649 | D:4      | Bought a scroll of teleportation for 30 gold pieces
  5649 | D:4      | Bought a scroll of identify for 20 gold pieces
  5715 | D:5      | Entered Level 5 of the Dungeon
  5822 | D:5      | Found a staircase to the Ecumenical Temple.
  5839 | Temple   | Entered the Ecumenical Temple
  5921 | Temple   | Became a worshipper of Cheibriados the Contemplative
  7069 | D:6      | Reached XP level 8. HP: 16/61 MP: 0/0
  7304 | D:6      | Reached * piety under Cheibriados
  7359 | D:6      | Reached skill level 6 in Spellcasting
  7929 | D:6      | Noticed Sigmund
  7946 | D:6      | Killed Sigmund
  8223 | D:6      | Reached ** piety under Cheibriados
  8826 | D:7      | Reached skill level 7 in Spellcasting
  8875 | D:7      | Reached XP level 9. HP: 65/70 MP: 0/0
  8875 | D:7      | Learned a level 3 spell: Summon Guardian Golem
 10435 | D:8      | Noticed a troll
 10440 | D:8      | Reached skill level 8 in Spellcasting
 10441 | D:8      | Killed a troll
 10765 | D:8      | Noticed a two-headed ogre
 10771 | D:8      | Killed a two-headed ogre
 10771 | D:8      | Reached *** piety under Cheibriados
 10772 | D:8      | Reached XP level 10. HP: 60/80 MP: 0/0
 10781 | D:8      | Reached skill level 10 in Fighting
 11081 | D:8      | Noticed Joseph
 11097 | D:8      | Killed Joseph
 11098 | D:8      | Reached skill level 9 in Spellcasting
 11394 | D:8      | Found a hazy altar of Hepliaklqana.
 11612 | D:8      | Found a staircase to the Lair.
 12261 | D:9      | Identified the ring "Ziar" {Fire rElec Str+3 Stlth+}
 12346 | D:9      | Reached **** piety under Cheibriados
 12565 | D:9      | Noticed a four-headed hydra
 12981 | D:9      | Killed a four-headed hydra
 13277 | D:10     | Entered Level 10 of the Dungeon
 13289 | D:10     | Noticed Maggie
 13293 | D:10     | Killed Maggie
 13294 | D:10     | Reached skill level 10 in Spellcasting
 13634 | D:10     | Found a staircase to the Orcish Mines.
 13820 | D:10     | Noticed a two-headed ogre
 13821 | D:10     | Reached XP level 11. HP: 72/87 MP: 0/0
 13821 | D:10     | Learned a level 4 spell: Animate Dead
 13827 | D:10     | Killed a two-headed ogre
 14272 | D:10     | Found Ilyprayw's General Store.
 14479 | D:10     | Reached ***** piety under Cheibriados
 15350 | Lair:1   | Entered Level 1 of the Lair of Beasts
 15978 | Lair:1   | You are sucked into a shaft and drop 1 floor!
 16305 | Lair:2   | Reached skill level 11 in Spellcasting
 16478 | Lair:2   | You are sucked into a shaft and drop 1 floor!
 16772 | Lair:2   | Identified the +6 glaive of Rof Itut {freeze, *Contam rF+
                  | rN+ Str+3}
 16871 | Lair:2   | Noticed a catoblepas
 16880 | Lair:2   | HP: 4/90 [catoblepas (24)]
 17248 | Lair:2   | Noticed a death yak
 17255 | Lair:2   | Killed a death yak
 17539 | Lair:2   | Reached XP level 12. HP: 68/98 MP: 0/0
 19060 | Lair:2   | Killed a catoblepas
 19299 | Lair:2   | Reached skill level 12 in Spellcasting
 19337 | Lair:2   | Noticed an eight-headed hydra
 19341 | Lair:2   | Killed an eight-headed hydra
 19823 | Lair:3   | Reached ****** piety under Cheibriados
 19832 | Lair:3   | Reached skill level 5 in Dodging
 19835 | Lair:3   | Noticed a five-headed hydra
 20114 | Lair:3   | Killed a five-headed hydra
 20304 | Lair:3   | Found a staircase to the Snake Pit.
 20456 | Lair:3   | Found a blossoming altar of Fedhas.
 21547 | Lair:4   | Reached XP level 13. HP: 95/105 MP: 0/0
 21547 | Lair:4   | Learned a level 5 spell: Yara's Violent Unravelling
 21824 | Lair:4   | Found a staircase to the Swamp.
 22917 | Lair:6   | Entered Level 6 of the Lair of Beasts
 22917 | Lair:6   | Found a viscous altar of Jiyva.
 22917 | Lair:6   | Found a staircase to the Slime Pits.
 24044 | Lair:6   | Reached skill level 13 in Spellcasting
 24856 | Lair:6   | Reached skill level 15 in Fighting
 24859 | Lair:6   | Reached XP level 14. HP: 84/114 MP: 0/0
 25337 | Lair:6   | Reached skill level 1 in Invocations
 25847 | Lair:6   | Found a runed translucent door.
 26083 | Lair:6   | Reached skill level 10 in Dodging
 26910 | Orc:1    | Entered Level 1 of the Orcish Mines
 26932 | Orc:1    | Reached skill level 5 in Invocations
 27406 | Orc:2    | Entered Level 2 of the Orcish Mines
 27454 | Orc:2    | Found a staircase to the Elven Halls.
 28114 | Orc:2    | HP: 3/114 [orc knight/+3 dire flail (30)]
 29354 | Orc:2    | Found Vessil's General Store.
 29354 | Orc:2    | Found Yruets's Assorted Antiques.
 29356 | Orc:2    | Found Ciph's Distillery.
 29356 | Orc:2    | Found Pyutal's Antique Armour Shop.
 29369 | Orc:2    | Bought the +3 pair of gauntlets of War {Slay+5} for 1662
                  | gold pieces
 29369 | Orc:2    | Found the +3 pair of gauntlets of War {Slay+5}
 29505 | Orc:2    | Reached XP level 15. HP: 114/120 MP: 0/0
 29505 | Orc:2    | Learned a level 6 spell: Statue Form
 30126 | Orc:2    | Found Kurock's Weapon Shop.
 30128 | Orc:2    | Found Zutoim's Distillery.
 30130 | Orc:2    | Found Siliedou's Weapon Shop.
 30136 | Orc:2    | Bought a potion of heal wounds for 65 gold pieces
 30413 | D:11     | Noticed Erolcha
 30418 | D:11     | Killed Erolcha
 31528 | D:11     | Found Vuyjic's Armour Emporium.
 32522 | D:12     | Reached skill level 10 in Invocations
 32841 | D:12     | You are sucked into a shaft and drop 2 floors!
 32907 | D:14     | Found a flagged portal.
 32989 | Bailey   | Entered a bailey
 33005 | Bailey   | HP: 2/120 [orc warrior/bolt (16)]
 33835 | D:14     | Noticed a fire giant
 33838 | D:14     | a fire giant changed into an alligator snapping turtle
 34519 | D:13     | Reached skill level 1 in Shields
 36505 | D:14     | Found a shadowy altar of Dithmenos.
 36605 | D:14     | Found a gate to the Vaults.
 36801 | D:15     | Entered Level 15 of the Dungeon
 37187 | D:15     | Identified the +6 flail of Valiance {flame, *Contam +Rage
                  | rElec Dex+8}
 37258 | D:15     | Reached XP level 16. HP: 119/126 MP: 0/0
 37558 | D:11     | Bought the +9 scales of the Dragon King {rPois rF+ rC+
                  | Will+} for 1372 gold pieces
 37558 | D:11     | Found the +9 scales of the Dragon King {rPois rF+ rC+
                  | Will+}
 37784 | Swamp:1  | Entered Level 1 of the Swamp
 38927 | Swamp:2  | Reached skill level 14 in Spellcasting
 40311 | Orc:2    | Bought an encrusted long sword for 178 gold pieces
 40311 | Orc:2    | Identified the +10 long sword of the Skies Above {holy,
                  | Int+5} (You bought it in a shop on level 2 of the Orcish
                  | Mines)
 40328 | Orc:2    | Gained mutation: Scrolls take you a little longer to read.
                  | [mutagenic glow]
 40572 | Snake:1  | Entered Level 1 of the Snake Pit
 41113 | Snake:1  | Found a runed translucent door.
 41113 | Snake:1  | Noticed Majang's ghost (journeyman GrGl)
 41382 | Snake:1  | You are sucked into a shaft and drop 1 floor!
 41425 | Snake:1  | Noticed Jorgrun
 41435 | Snake:1  | Killed Jorgrun
 41449 | Snake:1  | Reached skill level 15 in Spellcasting
 43275 | Snake:2  | Found a runed translucent door.
 43298 | Snake:2  | Identified the +2 leather armour of Crawling {rElec rPois
                  | Dex-3}
 44907 | Snake:3  | Reached XP level 17. HP: 118/133 MP: 0/0
 44907 | Snake:3  | Learned a level 6 spell: Starburst
 45475 | Snake:2  | Identified the +11 crystal plate armour of Foolhardiness
                  | {Int+4}
 45907 | Snake:4  | Entered Level 4 of the Snake Pit
 45941 | Snake:4  | Found Rowny's Assorted Antiques.
 45946 | Snake:4  | Found Qanif's Antique Armour Shop.
 46481 | Snake:4  | Noticed Bai Suzhen
 46487 | Snake:4  | Killed Bai Suzhen
 47840 | Snake:4  | Got a serpentine rune of Zot
 48245 | Snake:4  | Found a runed translucent gate.
 48245 | Snake:4  | Found a runed translucent gate.
 48245 | Snake:4  | Found a runed translucent gate.
 48969 | D:15     | Found a runed translucent gate.
 48969 | D:15     | Found a runed translucent gate.
 48969 | D:15     | Found a runed translucent gate.
 48973 | D:15     | Noticed Jano's ghost (journeyman DrTm)
 48976 | D:15     | Found a viscous altar of Jiyva.
 49075 | D:15     | Found a staircase to the Depths.
 49276 | D:15     | Reached XP level 18. HP: 139/148 MP: 0/0
 49888 | Elf:1    | Entered Level 1 of the Elven Halls
 50412 | Elf:1    | You are sucked into a shaft and drop 1 floor!
 50426 | Elf:2    | Noticed a deep elf blademaster
 50844 | Elf:2    | Killed a deep elf blademaster
 51578 | Elf:2    | Found a runed translucent gate.
 51578 | Elf:2    | Found a runed translucent gate.
 51578 | Elf:2    | Found a runed translucent gate.
 52867 | Elf:1    | Found an ancient bone altar of Kikubaaqudgha.
 52901 | Elf:1    | HP: 6/151 [+3 war axe of electrocution (18)]
 53458 | Elf:1    | Reached XP level 19. HP: 139/158 MP: 0/0
 53458 | Elf:1    | Learned a level 7 spell: Monstrous Menagerie
 53598 | Elf:3    | Entered Level 3 of the Elven Halls
 53609 | Elf:3    | Noticed Aizul
 53614 | Elf:3    | Killed Aizul
 53974 | Elf:3    | Identified Roxanne's Collected Works on Shape Shifting
 53974 | Elf:3    | Noticed Roxanne
 53995 | Elf:3    | Noticed Nikola
 54002 | Elf:3    | Killed Nikola
 54071 | Elf:3    | Killed Roxanne
 54241 | Elf:3    | Found Tote's Elven Fire.
 54724 | Elf:3    | Noticed a Tzitzimitl
 54831 | Elf:3    | Identified the ring "Wuech" {AC+4 Str-2 Int+2 Dex+4}
 54870 | Elf:3    | Identified the +9 plate armour "Xitzipux" {Harm rElec}
 54977 | Elf:3    | Identified the +10 war axe "Oqapeleg" {drain, Int+6}
 54988 | Elf:3    | Gained mutation: You occasionally shout uncontrollably at
                  | your foes. [a cacodemon]
 55043 | Elf:3    | Identified the +5 chain mail of Limited Liability {+Inv
                  | rElec Will+}
 55152 | Elf:3    | Identified the Handbook of Flamy Transmutation
 55153 | Elf:3    | Identified the Guide on Calling
 55677 | Swamp:3  | Reached skill level 5 in Shields
 55917 | Swamp:3  | Found a transporter.
 56170 | Swamp:3  | Noticed a tentacled monstrosity
 56178 | Swamp:3  | Found a transporter.
 56441 | Swamp:4  | Entered Level 4 of the Swamp
 56453 | Swamp:4  | Reached XP level 20. HP: 115/170 MP: 0/0
 56913 | Swamp:4  | Reached skill level 10 in Shields
 56921 | Swamp:4  | Noticed the 27-headed Lernaean hydra
 56931 | Swamp:4  | Killed the 27-headed Lernaean hydra
 57334 | Swamp:4  | Got a decaying rune of Zot
 57856 | Vaults:1 | Entered Level 1 of the Vaults
 58547 | Vaults:1 | Found Esiturew's Antique Armour Boutique.
 58907 | Vaults:1 | Identified the +5 short sword of Tension {vorpal, +Blink
                  | Dex+6}
 59327 | Vaults:2 | Cast into level 2 of the Abyss (a wizard)
 59355 | Abyss:2  | Noticed a bone dragon
 59367 | Abyss:2  | Killed a bone dragon
 59428 | Abyss:2  | Lost mutation: Scrolls take you a little longer to read.
                  | [potion of mutation]
 59428 | Abyss:2  | Lost mutation: You occasionally shout uncontrollably at
                  | your foes. [potion of mutation]
 59428 | Abyss:2  | Gained mutation: Your muscles are strong. (Str +2) [potion
                  | of mutation]
 59428 | Abyss:2  | Gained mutation: You are frail. (-10% HP) [potion of
                  | mutation]
 59428 | Abyss:2  | Gained mutation: You passively map a small area around you.
                  | [potion of mutation]
 59428 | Abyss:2  | Gained mutation: You are partially covered in molten
                  | scales. (AC +2) [potion of mutation]
 59596 | Abyss:2  | Reached skill level 15 in Shields
 59687 | Vaults:2 | Escaped the Abyss
 59809 | Vaults:2 | Reached XP level 21. HP: 134/158 MP: 0/0
 59809 | Vaults:2 | Learned a level 8 spell: Infestation
 60633 | Vaults:2 | Noticed Saint Roka
 60640 | Vaults:2 | Killed Saint Roka
 60975 | Vaults:2 | Paralysed by a vampire knight for 3 turns
 61229 | Vaults:2 | Found Veuppiji's Assorted Antiques.
 61233 | Vaults:2 | Bought a scroll of blinking for 307 gold pieces
 61293 | Vaults:2 | Found a runed translucent gate.
 61293 | Vaults:2 | Found a runed translucent gate.
 61293 | Vaults:2 | Found a runed translucent gate.
 61293 | Vaults:2 | Found an ancient bone altar of Kikubaaqudgha.
 61293 | Vaults:2 | Noticed Qoejuywk's ghost (adept DsCK)
 61293 | Vaults:2 | Noticed Tetudagra's ghost (adept DgGl)
 61293 | Vaults:2 | Noticed a dread lich
 61293 | Vaults:2 | Noticed Tetudagra's ghost (adept DgGl)
 61293 | Vaults:2 | Noticed a dread lich
 62098 | Vaults:3 | Reached XP level 22. HP: 154/154 MP: 0/0
 62104 | Vaults:3 | Reached skill level 1 in Armour
 62107 | Vaults:3 | Identified the +5 tower shield of Insatiable Hunger {-Cast
                  | Rampage Will+}
 62107 | Vaults:3 | Noticed Mennas
 62109 | Vaults:3 | Reached skill level 1 in Long Blades
 62173 | Vaults:3 | Killed Mennas
 62352 | Vaults:3 | You are sucked into a shaft and drop 1 floor!
 62412 | Vaults:4 | Found Sofel's Antique Weapon Boutique.
 62636 | Vaults:4 | Reached skill level 5 in Armour
 62713 | Vaults:4 | Reached skill level 5 in Long Blades
 62729 | Vaults:4 | Found Goeruh's Armour Emporium.
 63025 | Vaults:4 | Found Teak Gys's Weapon Emporium.
 63031 | Vaults:4 | Noticed Donald
 63042 | Vaults:4 | Killed Donald
 63096 | Vaults:4 | Cast into level 2 of the Abyss (a wizard)
 63221 | Abyss:2  | Found a corrupted altar of Lugonu.
 63663 | Abyss:2  | Gained mutation: You are clumsy. (Dex -2) [a neqoxec]
 63785 | Abyss:2  | Noticed a dread lich
 63796 | Abyss:2  | Paralysed by a dread lich for 4 turns
 63803 | Abyss:2  | Paralysed by something for 4 turns
 63810 | Abyss:2  | Killed a dread lich
 63813 | Vaults:4 | Escaped the Abyss
 63815 | Vaults:4 | HP: 8/214 [vault warden/+2 dire flail (5)]
 64371 | Vaults:4 | Found Extagh's Book Boutique.
 64371 | Vaults:4 | Found Oryheapp's Jewellery Shop.
 64783 | Vaults:3 | Reached XP level 23. HP: 142/170 MP: 0/0
 64783 | Vaults:3 | Learned a level 8 spell: Summon Horrible Things
 64809 | Vaults:3 | Found a staircase to the Crypt.
 65318 | Vaults:5 | Entered Level 5 of the Vaults
 65322 | Vaults:5 | Noticed Jory
 65324 | Vaults:5 | Reached skill level 10 in Armour
 65446 | Vaults:5 | Noticed a dread lich
 65519 | Vaults:4 | Killed a dread lich
 65560 | Vaults:5 | Reached skill level 10 in Long Blades
 65561 | Vaults:5 | Killed Jory
 65716 | Vaults:5 | Identified the +10 rapier of Zawiuj {venom, rPois rF- rN+
                  | SInv}
 65962 | Vaults:5 | Identified the +0 chain mail of Quod {rF+ rCorr}
 65973 | Vaults:5 | Paralysed by a sphinx for 7 turns
 65974 | Vaults:5 | Noticed a golden dragon
 65982 | Vaults:5 | Killed a golden dragon
 66371 | Vaults:5 | Noticed a dread lich
 66378 | Vaults:5 | Reached XP level 24. HP: 171/176 MP: 0/0
 66380 | Vaults:5 | Paralysed by a dread lich for 3 turns
 66388 | Vaults:5 | Killed a dread lich
 66530 | Vaults:5 | Found the +3 Elemental Staff {rElec rF++ rC++ Will++ AC+5}
 66780 | Vaults:5 | Identified the ring "Naggicli" {rElec SInv Stlth+}
 66785 | Vaults:5 | Identified the ring of Geolenaa {rN+ Str+5 SInv}
 66827 | Vaults:5 | Identified the ring of Miyrpheu {+Inv rC+ Str+5}
 66837 | Vaults:5 | Got a silver rune of Zot
 66856 | Vaults:5 | Identified the Almanac of Supportive Transformation
 66866 | Vaults:5 | Identified the +0 ring mail of Zoox {rC+ Int-5 Slay+5}
 67288 | Vaults:1 | Bought the +8 orange crystal plate armour {Archmagi, Int+3
                  | Clar} for 3757 gold pieces
 67288 | Vaults:1 | Found the +8 orange crystal plate armour {Archmagi, Int+3
                  | Clar}
 67288 | Vaults:1 | Bought an encrusted hat for 234 gold pieces
 67288 | Vaults:1 | Identified the +2 hat of the Postmodern Ships {Harm
                  | *Corrode rElec} (You bought it in a shop on level 1 of the
                  | Vaults)
 67467 | Vaults:4 | Bought the ring of the Heavens {rF- rN+++ Will+++ Int-3
                  | SInv} for 572 gold pieces
 67566 | Crypt:1  | Entered Level 1 of the Crypt
 67575 | Crypt:1  | You are sucked into a shaft and drop 1 floor!
 68537 | Crypt:3  | Entered Level 3 of the Crypt
 68660 | Crypt:3  | Found an ancient bone altar of Kikubaaqudgha.
 68680 | Crypt:3  | Gained mutation: You are dopey. (Int -2) [mutagenic glow]
 68692 | Crypt:3  | Gained mutation: Armour fits poorly on your strangely
                  | shaped body. [mutagenic glow]
 68701 | Crypt:3  | Gained mutation: You are very frail. (-20% HP) [mutagenic
                  | glow]
 68709 | Crypt:3  | Gained mutation: You are very dopey. (Int -4) [mutagenic
                  | glow]
 68718 | Crypt:3  | Gained mutation: You tend to lose your temper in combat.
                  | [mutagenic glow]
 68733 | Crypt:3  | Gained mutation: You often lose your temper in combat.
                  | [mutagenic glow]
 68914 | Crypt:3  | Identified the +8 quarterstaff of Defiance {vorpal, rF+
                  | Will+ Stlth+}
 68914 | Crypt:3  | Identified the +9 plate armour of Oruvegal {rElec rPois
                  | Regen+}
 69382 | Crypt:3  | Noticed Khufu
 69612 | Crypt:3  | Identified the +7 morningstar "Usungejuocu" {venom, rC-
                  | Int+6}
 69907 | Crypt:3  | Found a staircase to the Tomb.
 69910 | Crypt:3  | Found the +7 sceptre of Torment {pain, torment}
 70079 | Crypt:3  | Killed Khufu
 70080 | Crypt:3  | Reached skill level 15 in Armour
 70219 | Crypt:1  | Reached XP level 25. HP: 141/161 MP: 0/0
 70219 | Crypt:1  | Learned a level 8 spell: Chain Lightning
 70346 | Crypt:1  | Gained mutation: Your movements are slightly less
                  | encumbered by armour. (ER -2) [you]
 71086 | Vaults:3 | Lost mutation: You are very frail. (-20% HP) [potion of
                  | mutation]
 71086 | Vaults:3 | Lost mutation: You are very dopey. (Int -4) [potion of
                  | mutation]
 71087 | Vaults:3 | Lost mutation: You are partially covered in molten scales.
                  | (AC +2) [potion of mutation]
 71087 | Vaults:3 | Lost mutation: You often lose your temper in combat.
                  | [potion of mutation]
 71087 | Vaults:3 | Lost mutation: Your movements are slightly less encumbered
                  | by armour. (ER -2) [potion of mutation]
 71087 | Vaults:3 | Lost mutation: You are frail. (-10% HP) [potion of
                  | mutation]
 71087 | Vaults:3 | Lost mutation: You tend to lose your temper in combat.
                  | [potion of mutation]
 71087 | Vaults:3 | Gained mutation: You are partially covered in yellow
                  | scales. (AC +2) [potion of mutation]
 71343 | Depths:1 | Entered Level 1 of the Depths
 71344 | Depths:1 | Noticed Mara
 71347 | Depths:1 | Noticed ReteAZ's illusion
 71365 | Depths:1 | Killed Mara
 71534 | Depths:1 | Found Evizul's Weapon Boutique.
 71536 | Depths:1 | Found Buopunt's Armour Shop.
 71544 | Depths:1 | Bought a +1 kite shield of protection for 214 gold pieces
 71693 | Depths:1 | Found Noikk's Armour Emporium.
 71702 | Depths:1 | Found Waxosaim's Antique Weapon Emporium.
 71710 | Depths:1 | Found a gateway to Hell.
 71726 | Depths:1 | You are sucked into a shaft and drop 1 floor!
 71829 | Depths:2 | Found a runed translucent gate.
 71830 | Depths:2 | Found a runed translucent gate.
 71831 | Depths:2 | Found a runed translucent gate.
 71835 | Depths:2 | Noticed an ancient lich
 71835 | Depths:2 | Noticed Dwachs's ghost (adept GnIE)
 71930 | Depths:2 | Noticed a juggernaut
 71933 | Depths:2 | Reached skill level 16 in Spellcasting
 71937 | Depths:2 | Killed a juggernaut
 72377 | Depths:2 | Identified the +5 falchion of Diet Blood {vorpal, +Rage
                  | MP+9 Str+4}
 72533 | Depths:2 | You are sucked into a shaft and drop 1 floor!
 72543 | Depths:3 | Reached skill level 17 in Spellcasting
 72581 | Depths:3 | Found a one-way gate leading to the halls of Pandemonium.
 72623 | Depths:3 | Found a magical portal.
 72632 | WizLab   | Entered Iskenderun's Mystic Tower
 72961 | WizLab   | Reached XP level 26. HP: 209/209 MP: 0/0
 73385 | WizLab   | Identified Iskenderun's Handbook of Conjuration
 73385 | WizLab   | Identified Iskenderun's Reference Book on Confrontation
 73974 | Depths:1 | Found Xiulogy's Armour Shoppe.
 73974 | Depths:1 | Found a one-way gate to the infinite horrors of the Abyss.
 73985 | Depths:1 | Noticed a juggernaut
 74001 | Depths:1 | Killed a juggernaut
 74363 | Depths:1 | Reached skill level 18 in Spellcasting
 74675 | Depths:3 | Gained mutation: You are frail. (-10% HP) [a shining eye]
 74675 | Depths:3 | Gained mutation: You are very frail. (-20% HP) [a shining
                  | eye]
 74727 | Depths:3 | Lost mutation: You are clumsy. (Dex -2) [potion of
                  | mutation]
 74727 | Depths:3 | Lost mutation: You are very frail. (-20% HP) [potion of
                  | mutation]
 74727 | Depths:3 | Gained mutation: Your spells are a little harder to cast,
                  | but a little more powerful. [potion of mutation]
 74727 | Depths:3 | Lost mutation: You are frail. (-10% HP) [potion of
                  | mutation]
 74727 | Depths:3 | Gained mutation: You are partially covered in iridescent
                  | scales. (AC +2) [potion of mutation]
 75249 | Depths:3 | Found Xaoroc's Weapon Shop.
 75252 | Depths:3 | Found Ozegeog's Antique Weapon Shop.
 75252 | Depths:3 | Found Ziphuf's Jewellery Boutique.
 75262 | Depths:3 | Found Kuvaf's Weapon Boutique.
 75332 | Depths:3 | Found a gateway to a ziggurat.
 75338 | Depths:3 | Gained mutation: Your body sometimes deteriorates upon
                  | taking damage. [mutagenic glow]
 75348 | Depths:3 | Gained mutation: You are occasionally teleported next to
                  | monsters. [mutagenic glow]
 76200 | Depths:4 | Reached skill level 19 in Spellcasting
 76377 | Depths:4 | Identified the ring of Bazasik {rC+ EV+4 Int-5 Dex+5}
 76382 | Depths:4 | Identified the +9 spear of the Snake Pit {drain, +Blink rF-
                  | rC+}
 76907 | Depths:4 | Found the +10 tower shield of Ignorance {rN+ Int-4}
 77130 | Depths:5 | Entered Level 5 of the Depths
 77162 | Depths:5 | Reached XP level 27. HP: 215/215 MP: 0/0
 77162 | Depths:5 | Learned a level 9 spell: Fire Storm
 77262 | Depths:5 | Reached skill level 20 in Spellcasting
 77811 | Depths:5 | Found a gate to the Realm of Zot.
 77918 | Zot:1    | Entered Level 1 of the Realm of Zot
 78344 | Slime:1  | Entered Level 1 of the Pits of Slime
 78358 | Slime:1  | Lost mutation: Your spells are a little harder to cast, but
                  | a little more powerful. [potion of mutation]
 78358 | Slime:1  | Lost mutation: Your muscles are strong. (Str +2) [potion of
                  | mutation]
 78358 | Slime:1  | Lost mutation: You are partially covered in iridescent
                  | scales. (AC +2) [potion of mutation]
 78358 | Slime:1  | Gained mutation: You have a pair of small horns on your
                  | head. [potion of mutation]
 78487 | Slime:3  | Gained mutation: Potions are less effective at restoring
                  | your health. [a shining eye]
 78513 | Slime:5  | Entered Level 5 of the Pits of Slime
 78528 | Slime:5  | Paralysed by a floating eye for 2 turns
 78528 | Slime:5  | Gained mutation: Scrolls take you a little longer to read.
                  | [a shining eye]
 78528 | Slime:5  | Gained mutation: You are very dopey. (Int -4) [a shining
                  | eye]
 78529 | Slime:5  | Gained mutation: You are clumsy. (Dex -2) [a shining eye]
 78531 | Slime:5  | Reached skill level 21 in Spellcasting
 78573 | Slime:5  | Gained mutation: Your body often deteriorates upon taking
                  | damage. [a shining eye]
 78576 | Slime:5  | Gained mutation: You tend to lose your temper in combat. [a
                  | shining eye]
 78577 | Slime:5  | Gained mutation: You are frail. (-10% HP) [a shining eye]
 78632 | Slime:5  | Gained mutation: You are weak. (Str -2) [a shining eye]
 78632 | Slime:5  | Gained mutation: You often lose your temper in combat. [a
                  | shining eye]
 78636 | Slime:5  | Gained mutation: Potions are poor at restoring your health.
                  | [a shining eye]
 78637 | Slime:5  | Gained mutation: Scrolls take you longer to read. [a
                  | shining eye]
 78679 | Slime:5  | Noticed the Royal Jelly
 78694 | Slime:5  | Killed the Royal Jelly
 78786 | Slime:5  | Found the +5 robe of Misfortune {*Contam Harm *Corrode
                  | *Drain *Slow EV+5}
 78801 | Slime:5  | Identified the +4 plate armour of the Devil's Advocate
                  | {rElec Str-3 Int+4}
 78852 | Slime:5  | Identified the +9 broad axe of Dissatisfaction {drain, +Fly
                  | Str+6}
 78854 | Slime:5  | Got a slimy rune of Zot
 79138 | Lair:6   | Lost mutation: You often lose your temper in combat.
                  | [potion of mutation]
 79138 | Lair:6   | Lost mutation: You are clumsy. (Dex -2) [potion of
                  | mutation]
 79138 | Lair:6   | Lost mutation: You are partially covered in yellow scales.
                  | (AC +2) [potion of mutation]
 79138 | Lair:6   | Lost mutation: You have a pair of small horns on your head.
                  | [potion of mutation]
 79138 | Lair:6   | Lost mutation: You tend to lose your temper in combat.
                  | [potion of mutation]
 79138 | Lair:6   | Gained mutation: You are partially covered in molten
                  | scales. (AC +2) [potion of mutation]
 79139 | Lair:6   | Lost mutation: Armour fits poorly on your strangely shaped
                  | body. [potion of mutation]
 79139 | Lair:6   | Lost mutation: You are weak. (Str -2) [potion of mutation]
 79139 | Lair:6   | Lost mutation: Scrolls take you longer to read. [potion of
                  | mutation]
 79139 | Lair:6   | Gained mutation: You have a pair of small horns on your
                  | head. [potion of mutation]
 79139 | Lair:6   | Gained mutation: You are agile. (Dex +2) [potion of
                  | mutation]
 79396 | Orc:2    | Bought a scroll of fog for 28 gold pieces
 79396 | Orc:2    | Bought 2 potions of mutation for 224 gold pieces
 79396 | Orc:2    | Bought a wand of acid (9) for 364 gold pieces
 79856 | Tomb:1   | Entered Level 1 of the Tomb of the Ancients
 79879 | Tomb:1   | Noticed a royal mummy
 79886 | Tomb:1   | Killed a royal mummy
 79903 | Tomb:1   | Paralysed by a sphinx for 5 turns
 80052 | Tomb:1   | Noticed a royal mummy
 80064 | Tomb:1   | Killed a royal mummy
 80065 | Tomb:1   | Reached skill level 22 in Spellcasting
 80814 | Tomb:2   | Noticed a royal mummy
 80815 | Tomb:2   | Noticed a royal mummy
 80815 | Tomb:2   | Noticed a royal mummy
 80819 | Tomb:2   | Killed a royal mummy
 80819 | Tomb:2   | Noticed a royal mummy
 80822 | Tomb:2   | Noticed a royal mummy
 80824 | Tomb:2   | Killed a royal mummy
 80825 | Tomb:2   | Killed a royal mummy
 80825 | Tomb:2   | Killed a royal mummy
 80825 | Tomb:2   | Killed a royal mummy
 80825 | Tomb:2   | HP: 9/250 [something (26)]
 80834 | Tomb:2   | HP: 4/250 [bennu (2)]
 80987 | Tomb:2   | Reached skill level 23 in Spellcasting
 81325 | Tomb:3   | Entered Level 3 of the Tomb of the Ancients
 81336 | Tomb:3   | Noticed a royal mummy
 81336 | Tomb:3   | Noticed a royal mummy
 81336 | Tomb:3   | Noticed a royal mummy
 81336 | Tomb:3   | Noticed a royal mummy
 81337 | Tomb:3   | Noticed a royal mummy
 81338 | Tomb:3   | Noticed a royal mummy
 81341 | Tomb:3   | Noticed a royal mummy
 82012 | Temple   | Fell from the grace of Cheibriados
 82012 | Temple   | Became a worshipper of Makhleb the Destroyer
 82299 | Hell     | Entered the Vestibule of Hell
 82299 | Hell     | Noticed Geryon
 82391 | Depths:1 | Voluntarily entered the Abyss.
 82517 | Abyss:1  | Gained mutation: You are weak. (Str -2) [a neqoxec]
 82519 | Abyss:1  | Gained mutation: Your spells are a little easier to cast,
                  | but a little less powerful. [a neqoxec]
 82521 | Abyss:1  | Gained mutation: You do not regenerate when monsters are
                  | visible. [a neqoxec]
 82521 | Abyss:1  | Gained mutation: Your spells are easier to cast, but less
                  | powerful. [a neqoxec]
 82522 | Abyss:1  | Gained mutation: Scrolls take you longer to read. [a
                  | neqoxec]
 82522 | Abyss:1  | Gained mutation: You are very weak. (Str -4) [a neqoxec]
 82526 | Abyss:1  | Gained mutation: You are very frail. (-20% HP) [a neqoxec]
 82535 | Abyss:1  | Gained mutation: You occasionally shout uncontrollably at
                  | your foes. [a neqoxec]
 82755 | Abyss:1  | Reached * piety under Makhleb
 82760 | Abyss:1  | Found a corrupted altar of Lugonu.
 82822 | Abyss:1  | Found a corrupted altar of Lugonu.
 82895 | Abyss:1  | Lost mutation: You occasionally shout uncontrollably at
                  | your foes. [potion of mutation]
 82895 | Abyss:1  | Lost mutation: Your spells are easier to cast, but less
                  | powerful. [potion of mutation]
 82895 | Abyss:1  | Lost mutation: You are very dopey. (Int -4) [potion of
                  | mutation]
 82896 | Abyss:1  | Lost mutation: You are very frail. (-20% HP) [potion of
                  | mutation]
 82896 | Abyss:1  | Lost mutation: You have a pair of small horns on your head.
                  | [potion of mutation]
 82896 | Abyss:1  | Lost mutation: Your body often deteriorates upon taking
                  | damage. [potion of mutation]
 82896 | Abyss:1  | Lost mutation: You are very weak. (Str -4) [potion of
                  | mutation]
 82896 | Abyss:1  | Gained mutation: You are mostly covered in molten scales.
                  | (AC +3) [potion of mutation]
 83049 | Depths:1 | Escaped the Abyss
 83112 | Depths:1 | Voluntarily entered the Abyss.
 83269 | Abyss:1  | Found a corrupted altar of Lugonu.
 83272 | Abyss:1  | Found a stormy altar of Qazlal.
 83291 | Abyss:1  | Reached ** piety under Makhleb
 83414 | Abyss:1  | Found a stormy altar of Qazlal.
 83466 | Abyss:1  | Gained mutation: You are very dopey. (Int -4) [a neqoxec]
 83468 | Abyss:1  | Lost mutation: You are very dopey. (Int -4) [a neqoxec]
 83679 | Abyss:1  | Found a corrupted altar of Lugonu.
 83850 | Abyss:1  | Found a runed translucent door.
 83919 | Abyss:1  | Reached skill level 24 in Spellcasting
 83943 | Depths:1 | Escaped the Abyss
 84016 | Depths:1 | Voluntarily entered the Abyss.
 84024 | Abyss:1  | Found an ancient bone altar of Kikubaaqudgha.
 84043 | Abyss:1  | Reached *** piety under Makhleb
 84228 | Abyss:1  | Paralysed by you for 4 turns
 84372 | Abyss:2  | Gained mutation: You are very dopey. (Int -4) [a cacodemon]
 84521 | Abyss:2  | Reached **** piety under Makhleb
 84561 | Abyss:2  | Found a hazy altar of Hepliaklqana.
 84680 | Depths:1 | Escaped the Abyss
 84992 | D:4      | Bought a scroll of acquirement for 520 gold pieces
 84994 | D:4      | Acquired a +0 cloak of willpower
 84995 | D:4      | Bought a scroll of enchant armour for 75 gold pieces
 85666 | Hell     | Killed Geryon
 85667 | Hell     | Noticed Murray
 85687 | Hell     | Killed Murray
 85824 | Hell     | Found a gateway to the Iron City of Dis.
 85902 | Hell     | Found a gateway to the ashen valley of Gehenna.
 85969 | Hell     | Reached ***** piety under Makhleb
 85976 | Hell     | Found a gateway to the decaying netherworld of Tartarus.
 86063 | Hell     | Found a gateway to the freezing wastes of Cocytus.
 86137 | Geh:1    | Entered Level 1 of Gehenna
 86458 | Geh:5    | Reached skill level 25 in Spellcasting
 86583 | Geh:5    | Reached ****** piety under Makhleb
 87060 | Geh:6    | HP: 2/195 [Brimstone Fiend/damnation[the effects of Hell]
                  | (30)]
 87224 | Geh:7    | Entered Level 7 of Gehenna
 87224 | Geh:7    | Upgraded the game from 0.27-a0-752-gc3205288ea to
                  | 0.27-a0-767-g00efbec225
 87676 | Geh:7    | HP: 5/253 [fire giant/bolt of fire (9)]
 87680 | Geh:7    | Killed from afar by a balrug

Illustrated notes

Levels and vault maps discovered:
D:1:      dpeg_arrival_oval, layout_loops_ring
D:2:      layout_loops_ring, chequers_ecumenical_altar_twisty,
          kennysheep_crisscross
D:3:      cheibrodos_fertilizer, layout_rooms, okawaru_gym_becter
D:4:      layout_rooms, serial_undead, serial_undead_e, serial_undead_f,
          serial_undead_b, serial_undead_b, serial_undead_e, serial_undead_e,
          serial_shops, shop, nicolae_ossuary_entry_plus
D:5:      layout_cave_pods, minmay_temple_entry_tees
D:6:      layout_basic, minmay_divided_ellipse, uniq_sigmund
D:7:      layout_basic, the_bakery
D:8:      layout_rooms, general_overflow_altar, erik_lair_island, uniq_joseph
D:9:      layout_roguey, serial_rivers, chequers_serial_rivers_small_b,
          chequers_serial_rivers_small_b, chequers_serial_rivers_room_b,
          chequers_serial_rivers_marsh
D:10:     layout_loops_corners, orc_0_dummy, serial_shops, shop, uniq_maggie
D:11:     layout_loops_ring, serial_shops, nicolae_shop_waterfront, uniq_erolcha
D:12:     layout_basic
D:13:     layout_gridville, grunt_ministairs_13
D:14:     layout_roguey, david_vaults_4, nicolae_dithmenos_the_darkroom,
          enter_bailey_2
D:15:     gammafunk_depths_entry_grave, layout_long_grid, serial_rivers,
          chequers_serial_rivers_marsh, chequers_serial_rivers_room_b,
          chequers_serial_rivers_small_b, chequers_serial_rivers_micro_c,
          chequers_serial_rivers_small_3, chequers_garden, gammafunk_ghost_ooze,
          lemuel_flame_loot_1
Temple:   minmay_crystal_snake_temple
Lair:1:   layout_gridlike
Lair:2:   nzn_winding_woodlands_stair_cross
          [nzn_winding_woodlands_5x15_longhouse,
          nzn_winding_woodlands_center_lodge, nzn_winding_woodlands_5x15_parted,
          nzn_winding_woodlands_5x5_open_star, nzn_winding_woodlands_hourglass,
          nzn_winding_woodlands_5x15_twine,
          nzn_winding_woodlands_center_pierced_h,
          nzn_winding_woodlands_5x15_split_checker], layout_cave_pods,
          serial_bayou_shore_a
Lair:3:   layout_chaotic_city, minmay_snake_entry_six_corridors,
          lemuel_centaur_altar, infiniplex_staircase_pool
Lair:4:   layout_hall_layers, minmay_swamp_entry_reptiles, grunt_megastairs_4,
          infiniplex_staircase_pool_2, serial_bayou_shore_b, lemuel_fruit_fields
Lair:5:   layout_gridlike
Lair:6:   wormcave, layout_hall_layers, slime_altar_1, st_stairs_4
Swamp:1:  layout_basic_swamp, serial_swamp_ruin, evilmike_swamp_ruin_house_1,
          evilmike_swamp_ruin_rubble_2
Swamp:2:  layout_falls_marsh, nicolae_swamp_orc_logging_accident, swamp_pool2
Swamp:3:  gammafunk_sealed_arena, layout_falls_marsh,
          evilmike_swamp_ruin_house_4
Swamp:4:  swamp_old_school, layout_basic_swamp
Snake:1:  layout_basic, ebering_ghost_inner_flame, uniq_jorgrun
Snake:2:  layout_gridlike, lightli_airlock
Snake:3:  layout_basic, lemuel_fruit_tree
Snake:4:  minmay_snake_end_coiled, layout_cave_town, nicolae_snake_horde_hoard,
          minmay_shop_star, uniq_bai_suzhen
Slime:1:  layout_caves
Slime:2:  layout_caves
Slime:3:  layout_caves
Slime:4:  layout_caves
Slime:5
Orc:1:    layout_caves
Orc:2:    grunt_orc_tribal_feast, layout_caves, guppyfry_orc_lava_fort
Elf:1:    eino_elf_arrival_the_gate, layout_geoelf_octagon, basic_altar,
          minivault_28
Elf:2:    layout_geoelf_octagon
Elf:3:    minmay_elf_hall_x, layout_loops_corners, guppyfry_elf_lava,
          uniq_nikola, uniq_roxanne, uniq_aizul
Vaults:1: hangedman_vaults_impose, hangedman_vaults_variations,
          ontoclasm_vaults_bender, v_misc_15, vaults_dpeg_spiral,
          ontoclasm_vaults_loading_screen, layout_vaults_quadrants,
          serial_shops, shop
Vaults:2: gammafunk_vaults_ghost_crypt, ontoclasm_vaults_ligature, v_misc_5,
          st_greater_box_4, vaults_room_boxed, hangedman_vaults_trim, v_misc_26,
          v_rooms_3, v_alt_pattern_5, ontoclasm_vaults_ring_small,
          layout_vaults_chaotic_city, serial_shops, nicolae_shop_behind_doors,
          uniq_saint_roka
Vaults:3: hangedman_vaults_impose, blue_anna_dwarven_crypt, grunt_vaults_twisty,
          vaults_room_door_ring, v_misc_16, v_misc_10, hangedman_vaults_trim,
          ontoclasm_vaults_chip, st_check, vaults_room_hallway, v_misc_15,
          hangedman_vaults_slice, vaults_room_semicircle,
          layout_vaults_omnicross, uniq_mennas
Vaults:4: ontoclasm_vaults_idyll, nicolae_vaults_windows_and_doors_thing,
          v_alt_pattern_3, v_misc_27, v_alt_pattern_2, vaults_room_octagon,
          nicolae_vaults_ninety_degrees, v_misc_33,
          nicolae_vaults_little_squares_3, st_spiral_rooms, v_pattern_5,
          ontoclasm_vaults_loading_screen, layout_vaults_maze, serial_shops,
          shop, shop, nicolae_shop_waterfront, shop, shop, uniq_donald,
          uniq_margery
Vaults:5: uniq_jory
Crypt:1:  layout_chaotic_city, st_stairs_13
Crypt:2:  layout_basic
Crypt:3:  grunt_crypt_end_deaths_head
Tomb:1
Tomb:2
Tomb:3
Depths:1: layout_forbidden_donut, grunt_pan_entry_sceptre,
          corexii_hall_statues_s, serial_shops, nicolae_shop_statue_plus,
          nicolae_shop_waterfront, shop, shop, shop, abyss_entry, hell_entry,
          st_stairs_11, hangedman_decor_slide_cut, dispersion_dpeg,
          kennysheep_random_hallway, firewood_loft, uniq_mara
Depths:2: hangedman_arch_fort, layout_gridlike, gammafunk_ghost_necromancy,
          hell_entry, serial_glass, glass_columns_b, glass_columns_c,
          minmay_staircase_bubble
Depths:3: minmay_polygon_palace, layout_cave_shapes, enter_ziggurat_a,
          mu_enter_wizlab_7, hell_entry, rand_demon_pan_entry_4,
          minmay_shoptagon
Depths:4: evilmike_diamond_1, layout_cross, infiniplex_staircase_pool_lava,
          abyss_entry, hell_entry, grunt_megastairs_1
Depths:5: evilmike_zot_entry_basic, layout_long_grid, rand_demon_pan_entry_5,
          hell_entry
Hell
Geh:1:    layout_gehenna_pools_box
Geh:2:    layout_gehenna_pools_basic
Geh:3:    layout_gehenna_lava_caves
Geh:4:    layout_gehenna_pools_basic
Geh:5:    layout_gehenna_pools_box, nicolae_geh_sunburst
Geh:6:    layout_gehenna_pools_box, grunt_megastairs_3
Geh:7:    geh_mu
Zot:1:    layout_basic, grunt_megastairs_2

Skill      XL: |  1  2  3  4  5  6  7  8  9 10 11 12 13 14 15 16 17 18 19 20 21 22 23 24 25 26 27 |
---------------+----------------------------------------------------------------------------------+-----
Fighting       | 1 2 3 4 6 7 9 11 13 14 15 16 19 21 23 24 | 24.0
Spellcasting   | 3 4 5 7 8 10 11 12 13 15 17 19 25 | 25.4
Dodging        | 6 9 11 13 | 13.1
Invocations    | 8 11 12 | 12.0
Shields        | 3 4 7 15 18 19 | 19.3
Armour         | 9 12 15 | 15.4
Long Blades    | 8 11 14 | 14.3
Stealth        | |  1.5

Action                   |  1- 3 |  4- 6 |  7- 9 | 10-12 | 13-15 | 16-18 | 19-21 | 22-24 | 25-27 || total
-------------------------+-------+-------+-------+-------+-------+-------+-------+-------+-------++-------
Melee: Unarmed           |    11 |     6 |       |       |       |       |       |       |       ||    17
       Dagger            |       |     5 |    31 |       |       |       |       |       |       ||    36
       Morningstar       |       |       |    10 |    45 |       |       |       |       |       ||    55
       Glaive            |       |       |       |    33 |   194 |    47 |       |       |       ||   274
       Long sword        |       |       |       |       |       |   137 |       |       |       ||   137
       Double sword      |       |       |       |       |       |    77 |   269 |   683 |  2413 ||  3442
       Headbutt          |       |       |       |       |       |       |       |       |   123 ||   123
 Cast: Foxfire           |    91 |   167 |   303 |   386 |   366 |   253 |    15 |    11 |     8 ||  1600
       Pain              |       |     2 |       |     9 |    11 |     6 |     1 |       |       ||    29
       Passwall          |       |     2 |       |       |       |       |       |       |       ||     2
       Vampiric Draining |       |       |    10 |    32 |    43 |    64 |    19 |       |    13 ||   181
       Sticky Flame      |       |       |     6 |    59 |   100 |    67 |    45 |    25 |    11 ||   313
       Fireball          |       |       |     6 |    55 |   241 |   136 |   199 |    29 |   126 ||   792
       Summon Guardian G |       |       |       |     1 |     4 |       |     1 |       |       ||     6
       Animate Dead      |       |       |       |     4 |     3 |       |       |       |       ||     7
       Statue Form       |       |       |       |       |     1 |    18 |    43 |    47 |    90 ||   199
       Yara's Violent Un |       |       |       |       |     1 |     6 |     1 |     1 |     2 ||    11
       Starburst         |       |       |       |       |       |    61 |   128 |   132 |    94 ||   415
       Monstrous Menager |       |       |       |       |       |       |     4 |     3 |       ||     7
       Infestation       |       |       |       |       |       |       |    12 |    14 |     9 ||    35
       Chain Lightning   |       |       |       |       |       |       |       |       |     9 ||     9
       Summon Horrible T |       |       |       |       |       |       |       |       |    12 ||    12
       Fire Storm        |       |       |       |       |       |       |       |       |   105 ||   105
Invok: Slouch            |       |       |       |       |     3 |    12 |     2 |     4 |     6 ||    27
       Step From Time    |       |       |       |       |     1 |       |       |     2 |       ||     3
Evoke: Wand              |       |       |       |     1 |     5 |       |       |     4 |     4 ||    14
       Condenser vane    |       |       |       |       |       |       |       |     1 |     1 ||     2
  Use: Potion            |       |       |       |     2 |     5 |     3 |     1 |     3 |    12 ||    26
       Scroll            |       |       |       |    20 |     7 |    17 |     2 |    10 |    19 ||    75
 Stab: Sleeping          |       |       |     1 |     2 |       |     1 |     1 |       |     4 ||     9
       Distracted        |       |       |       |     1 |       |     1 |     4 |     4 |     2 ||    12
       Confused          |       |       |       |       |       |       |     1 |       |       ||     1
       Petrified         |       |       |       |       |       |       |       |       |     3 ||     3
Armor: Robe              |     8 |     6 |    14 |       |       |       |       |       |       ||    28
       Leather armour    |       |       |     7 |    40 |    22 |    20 |     5 |       |       ||    94
       Chain mail        |       |       |       |       |    88 |    37 |    47 |    36 |       ||   208
       Skin              |       |       |       |       |     1 |    66 |   148 |   342 |   780 ||  1337
       Gold dragon scale |       |       |       |       |       |    13 |       |    31 |   602 ||   646
       Crystal plate arm |       |       |       |       |       |       |       |    92 |   139 ||   231
       Quicksilver drago |       |       |       |       |       |       |       |       |   185 ||   185
Dodge: Dodged            |     9 |    29 |    52 |   103 |   440 |   565 |   702 |   909 |  1952 ||  4761
       Repelled          |       |       |       |       |     3 |    32 |    17 |    13 |    45 ||   110
Block: Other             |       |       |    23 |    34 |    94 |    24 |       |       |       ||   175
       Reflection        |       |       |     3 |     3 |     4 |    35 |       |       |       ||    45
       Buckler           |       |       |       |       |       |   334 |   426 |   651 |    70 ||  1481
       Tower shield      |       |       |       |       |       |       |       |   302 |       ||   302
       Kite shield       |       |       |       |       |       |       |       |       |  3277 ||  3277
       Rpst.: Long sword |       |       |       |       |       |    59 |       |       |       ||    59
       Double sword      |       |       |       |       |       |    32 |   130 |   188 |   315 ||   665

Table legend: (Time is in decaauts)
 A = Elapsed time spent in this place.
 B = Non-inter-level travel time spent in this place.
 C = Inter-level travel time spent in this place.
 D = Time resting spent in this place.
 E = Time spent auto-exploring this place.
 F = Levels seen in this place.
 G = Mean time per level.
                   A        B        C        D        E       F      G
               +--------+--------+--------+--------+--------+-----+--------+
         Total | 133050 | 116243 |  16807 |  17225 |  75484 |  74 | 1798.0 |
       Dungeon |  33799 |  27914 |   5885 |   3199 |  21721 |  15 | 2253.3 |
        Temple |    168 |    110 |     58 |      0 |     87 |   1 |  168.0 |
          Lair |  17911 |  15216 |   2695 |   3998 |   9593 |   6 | 2985.2 |
         Swamp |   6608 |   5778 |    830 |    735 |   4179 |   4 | 1652.0 |
     Snake Pit |  11407 |  10600 |    807 |   3099 |   5961 |   4 | 2851.8 |
    Slime Pits |   1527 |   1427 |    100 |     63 |    355 |   5 |  305.4 |
  Orcish Mines |   5323 |   4815 |    508 |   1635 |   2208 |   2 | 2661.5 |
   Elven Halls |   7977 |   7562 |    415 |    626 |   5313 |   3 | 2659.0 |
        Vaults |  17440 |  14733 |   2707 |    856 |  10676 |   5 | 3488.0 |
         Crypt |   6712 |   5837 |    875 |    636 |   3726 |   3 | 2237.3 |
          Tomb |   2947 |   2543 |    404 |    397 |   1505 |   3 |  982.3 |
        Depths |  11201 |   9731 |   1470 |    585 |   6902 |   5 | 2240.2 |
          Hell |    883 |    837 |     46 |      6 |    546 |   1 |  883.0 |
       Gehenna |   2291 |   2291 |      0 |    408 |    125 |   7 |  327.3 |
           Zot |      1 |      0 |      1 |      0 |      0 |   1 |    1.0 |
         Abyss |   5082 |   5082 |      0 |     49 |   2418 |   7 |  726.0 |
        Bailey |    537 |    537 |      0 |    381 |     76 |   1 |  537.0 |
        Wizlab |   1229 |   1229 |      0 |    549 |     89 |   1 | 1229.0 |
               +--------+--------+--------+--------+--------+-----+--------+

Top non-repeatable levels by time:
Vaults:2: 4477 daAuts
  Lair:2: 4216 daAuts
    D:10: 3770 daAuts
Vaults:4: 3640 daAuts
 Snake:4: 3548 daAuts
Vaults:3: 3300 daAuts
  Lair:6: 3116 daAuts
    D:13: 3113 daAuts
   Elf:2: 3068 daAuts
   Orc:2: 3044 daAuts
Vaults:1: 3043 daAuts
 Snake:1: 3009 daAuts
Vaults:5: 2978 daAuts
  Lair:1: 2975 daAuts
   Elf:3: 2951 daAuts
